 Dungeon Crawl Stone Soup version 0.18.1-6-gd335043 (webtiles) character file.

209470 Peloso the Minotaur Blade (level 18, -7/169 (171) HPs)
             Began as a Minotaur Fighter on May 14, 2016.
             Was the Champion of Okawaru.
             Mangled by a bone dragon (15 damage)
             ... on level 4 of the Swamp on May 15, 2016.
             The game lasted 02:15:10 (36407 turns).

Peloso the Minotaur Blade (Minotaur Fighter)       Turns: 36407, Time: 02:15:12

HP:   -7/169 (171)  AC: 43    Str: 39    XL:     18   Next: 15%
MP:   18/18         EV: 17    Int:  5    God:    Okawaru [******]
Gold: 1222          SH: 26    Dex: 22    Spells: 0 memorised, 17 levels left

rFire  + + .     SeeInvis .     a - +5 double sword (protect)
rCold  . . .     Gourm    .     G - +9 plate armour "Qumuegho" {-Cast +Inv rElec Str+8}
rNeg   . . .     Faith    +     Q - +1 large shield {AC+3}
rPois  +         Spirit   .     (helmet restricted)
rElec  +         Dismiss  .     u - +0 cloak of Masos {rF+}
rCorr  .         Reflect  .     V - +2 pair of gloves {Dex+3}
SustAt .         Harm     .     M - +2 pair of boots {Fly}
MR     +....     NoCast   +     j - amulet of faith
Stlth  ..........               y - +5 ring of dexterity
                                C - ring "Tuclemif" {Fragile rPois rF+ Str+6}

@: lethally poisoned (-7 -> -15), flying, non-regenerating, badly diseased,
slowed, very slow, somewhat resistant to hostile enchantments, extremely
unstealthy
A: retaliatory headbutt, horns 2
a: Heroism, Finesse, Renounce Religion, Evoke Invisibility, Stop Flying
}: 1/15 runes: serpentine


You were on level 4 of the Swamp.
You worshipped Okawaru.
Okawaru was exalted by your worship.
You were very hungry.

You visited 6 branches of the dungeon, and saw 34 of its levels.
You visited the Abyss 1 time.

You collected 3102 gold pieces.
You spent 1880 gold pieces at shops.

Inventory:

Hand Weapons
 a - a +5 double sword of protection (weapon)
 t - a +4 long sword
 E - a +0 scimitar of flaming
 R - the +7 battleaxe of Fimbulwinter {drain, *Drain Dex+5, unknown}
   (You found it on level 3 of the Abyss)

   A truly terrible weapon, it drains the life of those it strikes.
   It affects your dexterity (+5).
   It causes draining when unequipped.
Armour
 u - the +0 cloak of Masos (worn) {rF+}
   (You bought it in a shop on level 2 of the Orcish Mines)

   It protects you from fire.
 w - a +2 large shield of protection
 x - the +2 pair of boots "Avoroopt" {rPois}
   (You found it on level 3 of the Swamp)

   It protects you from poison.
 G - the +9 plate armour "Qumuegho" (worn) {-Cast +Inv rElec Str+8}
   (You bought it in a shop on level 2 of the Orcish Mines)

   It affects your strength (+8).
   It insulates you from electricity.
   It lets you turn invisible.
   It prevents spellcasting.
 M - a +2 pair of boots of flying (worn)
 N - the +3 crystal plate armour of Gemyanal {*Confuse rF+ Stlth+}
   (Okawaru gifted it to you on level 13 of the Dungeon)

   It protects you from fire.
   It may confuse you when you take damage.
   It makes you more stealthy.
 P - the +2 pair of boots of Eluaves {+Blink Str+4}
   (Okawaru gifted it to you on level 3 of the Abyss)

   It affects your strength (+4).
   It lets you blink.
 Q - a +1 large shield of protection (worn)
 V - a +2 pair of gloves of dexterity (worn)
 Z - a +0 shield of reflection
Jewellery
 j - an amulet of faith (around neck)
 p - an uncursed ring of protection from fire
 y - a +5 ring of dexterity (right hand)
 A - a +4 amulet of reflection
 C - the ring "Tuclemif" (left hand) {Fragile rPois rF+ Str+6}
   (You found it on level 8 of the Lair of Beasts)

   [ring of protection from fire]

   It affects your strength (+6).
   It protects you from fire.
   It protects you from poison.
   It will be destroyed if unequipped.
 T - an uncursed ring of resist corrosion
Wands
 z - a wand of disintegration (7/24)
 K - a wand of digging (20/24)
 U - a wand of teleportation (5/9)
Scrolls
 e - 2 scrolls of recharging
 k - 12 scrolls of remove curse
 n - 6 scrolls of identify
 o - 6 scrolls of teleportation
 q - 7 scrolls of magic mapping
 s - a scroll of fog
 v - 2 scrolls of blinking
 H - a scroll of amnesia
 I - 2 scrolls of fear
 X - a scroll of enchant armour
Potions
 g - 11 potions of curing
 i - 2 potions of invisibility
 l - 4 potions of might
 B - 2 potions of haste
 F - 6 potions of heal wounds
 J - a potion of brilliance
 L - 3 potions of resistance
 W - a potion of berserk rage
Books
 c - Roxanne's Collected Works on Changing
   (You took it off Roxanne on level 1 of the Swamp)

   Spells                             Type                      Level
   a - Passwall                       Transmutation/Earth          2
   b - Ignite Poison                  Fire/Transmutation/Poison    3
   c - Spider Form                    Transmutation/Poison         3
   d - Blade Hands                    Transmutation                5
   e - Statue Form                    Transmutation/Earth          6
 d - a book of Dreams

   Spells                             Type                      Level
   a - Ensorcelled Hibernation        Hexes/Ice                    2
   b - Silence                        Hexes/Air                    5
   c - Darkness                       Hexes                        6
   d - Shadow Creatures               Summoning                    6
 r - a book of Transfigurations

   Spells                             Type                      Level
   a - Irradiate                      Conjuration/Transmutation    5
   b - Statue Form                    Transmutation/Earth          6
   c - Hydra Form                     Transmutation                6
   d - Dragon Form                    Transmutation                7
 O - a book of Burglary

   Spells                             Type                      Level
   a - Swiftness                      Charms/Air                   2
   b - Passwall                       Transmutation/Earth          2
   c - Passage of Golubria            Translocation                4
   d - Lee's Rapid Deconstruction     Earth                        5
   e - Darkness                       Hexes                        6
   f - Invisibility                   Hexes                        6
 S - a book of the Tempests

   Spells                             Type                      Level
   a - Static Discharge               Conjuration/Air              3
   b - Lightning Bolt                 Conjuration/Air              5
   c - Fireball                       Conjuration/Fire             5
   d - Tornado                        Air                          9
   e - Shatter                        Earth                        9
Comestibles
 b - 8 fruits
 f - 19 bread rations
 m - 13 meat rations
 D - 11 royal jellies
 Y - a beef jerky


   Skills:
 + Level 17.8 Fighting
   Level 2.7(13.5) Short Blades
 + Level 21.0 Long Blades
 + Level 16.1 Armour
 + Level 10.6 Dodging
 + Level 3.2 Stealth
 + Level 17.6 Shields
 + Level 1.0 Invocations
 + Level 1.4 Evocations


You had 17 spell levels left.
You didn't know any spells.

Dungeon Overview and Level Annotations

Branches:
Dungeon (15/15)            Temple (1/1) D:4            Lair (8/8) D:8
  Swamp (4/4) Lair:3        Snake (4/4) Lair:4        Slime (0/6) Lair:6
    Orc (2/2) D:12            Elf (0/3) Orc:2        Vaults (0/5) D:13
 Depths (0/5) D:15

Altars:
Ashenzari
Dithmenos
Elyvilon
Fedhas
Gozag
Kikubaaqudgha
Makhleb
Nemelex Xobeh
Okawaru
Pakellas
Qazlal
Ru
Sif Muna
Trog
Vehumet
Xom
Yredelemnul
Zin
The Shining One
Jiyva

Shops:
D:4 ?   D:6 =   D:7 }   D:13 (   D:14 }?   Orc:2 [[(

Annotations:
D:8 exclusion: statue


Innate Abilities, Weirdness & Mutations

You reflexively headbutt those who attack you in melee.
You have a pair of horns on your head.


Message History

Read which item? (? for menu, Esc to quit)
As you read the scroll of summoning, it crumbles to dust.
Wisps of shadow whirl around you...
You are engulfed in dark miasma.
You feel your flesh rotting away!
You feel ill.
You feel as though you will be slow longer.
* * * LOW HITPOINT WARNING * * *
x2 You feel sick.
The death drake breathes miasma at you. The foul vapour engulfs you!
You block the bone dragon's attack.
The bone dragon claws you but does no damage.
You block the bone dragon's attack.
You block the five-headed hydra zombie's attack. x2
The five-headed hydra zombie bites you but does no damage.
The five-headed hydra zombie misses you.
The five-headed hydra zombie bites you.
* * * LOW HITPOINT WARNING * * *
The death drake bites you but does no damage.
The bone dragon bites you!
You die...

♣♣. ♣..≈ ♣♣♣≈≈.. §§
♣... ≈.. ♣.♣≈≈≈< ..♣♣
♣♣..♣♣♣♣.♣♣♣♣§§≈≈.
♣..♣♣♣.§≈≈≈♣♣≈.....≈≈≈.
♣..≈≈≈≈J≈≈.♣♣♣..≈..≈≈§≈
♣J≈J≈≈≈J≈.≈♣♣≈≈♣♣≈≈≈.≈
♣.≈≈≈Zn.≈.≈....♣≈.....
♣♣.§JZkJ♣..†..♣♣≈....♣
♣J..J@D♣♣..).♣♣♣♣≈..♣♣
♣.JJJ§§♣♣♣......♣♣♣♣♣
♣♣J♣t♣♣♣ ♣♣≈≈≈.....♣♣♣
♣♣♣♣♣ ♣♣.♣♣≈≈.....
♣♣♣♣≈≈≈≈..≈ ♣♣≈≈≈≈≈≈
###≈≈≈≈ #..≈≈ #...#


You could see a bone dragon, a death drake, a five-headed hydra zombie, a swamp
drake zombie, a friendly alligator, 12 friendly slime creatures and a friendly
bog body.

Vanquished Creatures
  Rupert (Orc:2)
  Kirke (D:14)
  A thorn hunter (Swamp:3)
  2 tentacled starspawn (Abyss:3)
  Roxanne (Swamp:1)
  A revenant (Abyss:3)
  A fire giant (D:15)
  12 greater nagas (Snake:4)
  Donald (Swamp:2)
  Louise (Swamp:1)
  A draconian zealot (Abyss:3)
  Snorg (Lair:4)
  3 vault guards (D:13)
  Josephine (Lair:4)
  Erolcha (D:11)
  10 naga warriors
  24 hydras
  A ghost crab (Swamp:1)
  2 catoblepae (Lair:6)
  A death knight (D:15)
  2 centaur warriors
  4 alligators
  4 anacondas
  5 orc high priests (Orc:2)
  8 shock serpents
  17 naga sharpshooters
  Nergalle (Lair:4)
  3 wretched stars (Abyss:3)
  An unseen horror (D:15)
  2 salamander mystics (Snake:3)
  10 sea snakes (Snake:4)
  A quicksilver dragon simulacrum (Abyss:3)
  4 naga ritualists (Snake:4)
  A spriggan druid (Swamp:1)
  3 swamp dragons
  A shambling mangrove (Swamp:1)
  2 spectral hydras (Swamp:4)
  8 hill giants
  Pikel (D:7)
  A phantasmal warrior (D:15)
  3 wizards
  A shining eye (shapeshifter) (D:14)
  6 orc knights
  8 mana vipers
  2 manticores
  5 ugly things
  An orb spider (Abyss:3)
  9 salamanders
  2 deep elf magi
  3 cyclopes
  4 griffons
  An octopode (shapeshifter) (Swamp:1)
  5 centaur zombies
  25 black mambas
  8 guardian serpents
  14 naga magi
  An apocalypse crab (Abyss:3)
  2 gargoyles
  3 kobold demonologists
  3 efreet
  3 swamp worm zombies (Swamp:4)
  22 spiny frogs
  6 komodo dragons
  3 rime drakes
  4 hellwings
  2 freezing wraiths (D:15)
  A yaktaur (D:13)
  3 trolls
  2 polar bears (Lair:6)
  17 blink frogs
  2 giant leeches
  A two-headed ogre (D:11)
  23 slime creatures
  A harpy skeleton (D:15)
  3 raiju (Abyss:3)
  9 bog bodies
  An alligator zombie (Swamp:4)
  A boulder beetle (Lair:7)
  The ghost of kay3 the Ducker, an amateur KoMo (D:4)
  8 spriggans
  4 starcursed masses (Abyss:3)
  2 vampires
  45 yaks
  A shadow (Swamp:4)
  2 ynoxinuls (Abyss:3)
  A human (D:13)
  8 wyverns
  11 wraiths
  A basilisk (Lair:5)
  2 hogs (D:14)
  5 large abominations
  8 hippogriffs
  A steam dragon (D:13)
  A water elemental (D:15)
  2 chaos spawn (Abyss:3)
  3 hungry ghosts
  5 wargs
  A hippogriff (shapeshifter) (D:15)
  26 vampire mosquitoes
  2 mottled dragons
  17 insubstantial wisps
  2 soldier ants
  20 swamp worms
  43 nagas
  6 water moccasins
  8 porcupines
  34 orc warriors
  2 sky beasts
  7 ice beasts
  6 swamp drakes
  2 black bears
  9 ogres
  6 wasps
  A slave (D:7)
  8 phantoms
  An eye of draining (D:13)
  2 necrophages
  28 wolves
  9 crocodiles
  9 centaurs
  3 big kobolds
  36 giant frogs
  2 gnoll sergeants
  4 small abominations (Abyss:3)
  5 scorpions
  9 wights
  3 howler monkeys (D:7)
  9 electric eels
  10 crimson imps
  5 jellies
  3 quasits
  A giant frog zombie (D:13)
  An iron imp (Abyss:3)
  30 orc priests
  2 hounds
  20 orc wizards
  A giant frog skeleton (D:7)
  A centaur skeleton (D:5)
  Jessica (D:2)
  7 iguanas
  11 worker ants
  2 killer bee zombies
  24 sheep
  2 hound skeletons
  3 worker ant zombies
  2 howler monkey skeletons
  A howler monkey zombie (D:9)
  17 adders
  12 gnolls
  41 river rats
  3 shadow imps
  An adder skeleton (D:5)
  A worm (D:9)
  4 dart slugs
  7 giant geckos
  96 orcs
  A ball python (D:4)
  6 giant cockroaches
  6 goblins
  8 hobgoblins
  4 jackals
  9 quokkas
  6 bats
  A giant gecko skeleton (D:4)
  4 giant newts
  13 kobolds
  2 rats (D:2)
  4 briar patches (Swamp:3)
  A fungus (Lair:3)
  7 plants
1168 creatures vanquished.

Vanquished Creatures (others)
  A hill giant (D:13)
  3 insubstantial wisps (Swamp:1)
  A swamp worm (Swamp:3)
  A naga (Snake:4)
  A wasp (Swamp:1)
  A wight (Abyss:3)
  A briar patch (Swamp:3)
  A bush (D:14)
  11 fungi
  A lurking horror (Abyss:3)
  18 plants
  4 starspawn tentacles (Abyss:3)
  69 starspawn tentacle segments (Abyss:3)
113 creatures vanquished.

Grand Total: 1281 creatures vanquished

Notes
Turn   | Place    | Note
--------------------------------------------------------------
     0 | D:1      | Peloso the Minotaur Fighter began the quest for the Orb.
     0 | D:1      | Reached XP level 1. HP: 19/19 MP: 0/0
    74 | D:1      | Reached XP level 2. HP: 26/27 MP: 1/1
   705 | D:2      | Found a glowing silver altar of Zin.
   820 | D:2      | Reached XP level 3. HP: 33/33 MP: 2/2
  1090 | D:2      | Noticed Jessica
  1105 | D:2      | Killed Jessica
  1105 | D:2      | Reached skill level 1 in Dodging
  1105 | D:2      | Reached XP level 4. HP: 41/41 MP: 3/3
  1142 | D:2      | Reached skill level 3 in Long Blades
  1520 | D:3      | Found a sparkling altar of Nemelex Xobeh.
  1598 | D:3      | Reached XP level 5. HP: 24/47 MP: 4/4
  1868 | D:3      | Reached skill level 5 in Shields
  2252 | D:4      | Found a blossoming altar of Fedhas.
  2359 | D:4      | You fall through a shaft for 2 floors!
  2366 | D:6      | Reached skill level 5 in Armour
  2366 | D:6      | Reached XP level 6. HP: 44/55 MP: 5/5
  2463 | D:6      | Reached skill level 5 in Fighting
  2518 | D:6      | Reached skill level 4 in Long Blades
  2772 | D:6      | Noticed an orc warrior
  2889 | D:6      | Killed an orc warrior
  2889 | D:6      | Reached XP level 7. HP: 33/61 MP: 6/6
  3106 | D:6      | Found Ythastris's Jewellery Shoppe.
  3457 | D:6      | Reached skill level 5 in Long Blades
  3631 | D:5      | Entered Level 5 of the Dungeon
  3631 | D:5      | Noticed a spriggan
  3652 | D:5      | Killed a spriggan
  3652 | D:5      | Reached skill level 1 in Stealth
  3652 | D:5      | Reached XP level 8. HP: 48/70 MP: 7/7
  3721 | D:5      | Reached skill level 6 in Long Blades
  3766 | D:5      | Reached XP level 9. HP: 52/77 MP: 8/8
  4214 | D:5      | Reached skill level 7 in Long Blades
  4553 | D:4      | Noticed kay3's ghost (amateur KoMo)
  4568 | D:4      | Killed kay3's ghost
  4586 | D:4      | Found a staircase to the Ecumenical Temple.
  4695 | Temple   | Entered the Ecumenical Temple
  4753 | Temple   | Became a worshipper of Warmaster Okawaru
  4835 | D:4      | Found a deep blue altar of Sif Muna.
  4865 | D:4      | Found Qurudaus's Magic Scroll Boutique.
  4901 | D:4      | Found a sacrificial altar of Ru.
  5313 | D:4      | Found a white marble altar of Elyvilon.
  5562 | D:7      | Found an ancient bone altar of Kikubaaqudgha.
  5683 | D:7      | Reached * piety under Okawaru
  5683 | D:7      | Reached skill level 8 in Long Blades
  5687 | D:7      | Found an oddly glowing altar of Pakellas.
  5687 | D:7      | Found Pakellas's Prime Provisions.
  5926 | D:7      | Found a basalt altar of Yredelemnul.
  5926 | D:7      | Found an opulent altar of Gozag.
  5958 | D:7      | Noticed Pikel
  5975 | D:7      | Killed Pikel
  5975 | D:7      | Reached skill level 5 in Dodging
  5975 | D:7      | Reached XP level 10. HP: 54/86 MP: 9/9
  5986 | D:7      | Reached ** piety under Okawaru
  6241 | D:8      | Reached skill level 9 in Long Blades
  6338 | D:8      | Found a staircase to the Lair.
  6812 | D:8      | Found a radiant altar of Vehumet.
  6951 | D:8      | Found a stormy altar of Qazlal.
  7285 | D:8      | Got a brightly glowing rapier
  7286 | D:8      | Identified the +11 rapier of Ginit {flame, Dex+2} (You found it on level 8 of the Dungeon)
  7338 | D:8      | Reached skill level 10 in Armour
  7438 | D:9      | Found an opulent altar of Gozag.
  7450 | D:9      | Reached skill level 10 in Long Blades
  7541 | D:9      | Found a shattered altar of Ashenzari.
  7689 | D:9      | Reached *** piety under Okawaru
  7880 | D:9      | Found a glowing golden altar of the Shining One.
  8273 | D:10     | Entered Level 10 of the Dungeon
  8286 | D:10     | Got a jewelled trident
  8296 | D:10     | Identified the +5 trident "Faosax" {drain, rElec rC+ MR+} (You found it on level 10 of the Dungeon)
  8922 | D:11     | Reached skill level 11 in Long Blades
  8960 | D:11     | Reached **** piety under Okawaru
  8960 | D:11     | Reached XP level 11. HP: 88/97 MP: 10/10
  9030 | D:11     | Noticed Erolcha
  9030 | D:11     | Noticed a four-headed hydra
  9037 | D:11     | Killed a four-headed hydra
  9059 | D:11     | Killed Erolcha
  9415 | D:11     | Noticed a hill giant
  9416 | D:11     | Noticed a seven-headed hydra
  9430 | D:11     | Killed a hill giant
  9430 | D:11     | Reached ***** piety under Okawaru
  9438 | D:11     | Killed a seven-headed hydra
  9438 | D:11     | Reached skill level 10 in Fighting
  9438 | D:11     | Reached skill level 12 in Long Blades
  9769 | D:6      | Bought an uncursed amulet of faith for 440 gold pieces
  9947 | D:11     | Noticed a hill giant
  9970 | D:11     | Killed a hill giant
 10190 | D:10     | Reached skill level 1 in Short Blades
 10543 | D:11     | Found a sparkling altar of Nemelex Xobeh.
 10613 | D:11     | Received a gift from Okawaru
 10672 | D:11     | Got a crystal whip
 10673 | D:11     | Identified the +1 whip "Paiwua" {holy, rF+ MP+9 Dex+4} (You found it on level 11 of the Dungeon)
 10976 | D:12     | Found a white marble altar of Elyvilon.
 10977 | D:12     | Noticed a white ugly thing
 10989 | D:12     | Killed a white ugly thing
 11010 | D:12     | Reached XP level 12. HP: 74/108 MP: 11/11
 11245 | D:12     | Reached skill level 13 in Long Blades
 12202 | D:12     | Noticed a centaur warrior
 12215 | D:12     | Killed a centaur warrior
 12316 | D:12     | Reached ****** piety under Okawaru
 12506 | D:12     | Found a staircase to the Orcish Mines.
 12509 | D:12     | Received a gift from Okawaru
 12758 | Lair:1   | Entered Level 1 of the Lair of Beasts
 12823 | Lair:1   | Reached skill level 1 in Evocations
 13447 | Lair:1   | Noticed a seven-headed hydra
 13454 | Lair:1   | Killed a seven-headed hydra
 13454 | Lair:1   | Received a gift from Okawaru
 13600 | Lair:2   | Reached skill level 14 in Long Blades
 14590 | Lair:3   | Noticed a six-headed hydra
 14598 | Lair:3   | Killed a six-headed hydra
 14966 | Lair:3   | Noticed a five-headed hydra
 14974 | Lair:3   | Killed a five-headed hydra
 15015 | Lair:3   | Found a staircase to the Swamp.
 15223 | Lair:4   | Noticed a six-headed hydra
 15232 | Lair:4   | Noticed Josephine
 15236 | Lair:3   | Killed a six-headed hydra
 15236 | Lair:3   | Reached XP level 13. HP: 85/119 MP: 12/12
 15427 | Lair:3   | Received a gift from Okawaru
 15636 | Lair:4   | Killed Josephine
 15706 | Lair:4   | Found a staircase to the Snake Pit.
 15738 | Lair:4   | Noticed Nergalle
 15746 | Lair:4   | Killed Nergalle
 16279 | Lair:4   | Noticed Snorg
 16761 | Lair:4   | Killed Snorg
 16761 | Lair:4   | Received a gift from Okawaru
 17848 | Lair:6   | Reached skill level 15 in Long Blades
 17853 | Lair:6   | Found a viscous altar of Jiyva.
 17859 | Lair:6   | Found a staircase to the Slime Pits.
 18287 | Lair:6   | Found a radiant altar of Vehumet.
 18927 | Lair:7   | Received a gift from Okawaru
 18955 | Lair:7   | Got a slimy bardiche {god gift}
 18956 | Lair:7   | Identified the +1 bardiche of Ihebebah {flame, Str+4 Dex+5} (Okawaru gifted it to you on level 7 of the Lair of Beasts)
 19728 | Lair:7   | Reached XP level 14. HP: 121/130 MP: 13/13
 19734 | Lair:7   | Received a gift from Okawaru
 19734 | Lair:7   | Reached skill level 16 in Long Blades
 20364 | Lair:8   | Entered Level 8 of the Lair of Beasts
 20397 | Lair:8   | Found a glowing golden altar of the Shining One.
 20540 | Lair:8   | Received a gift from Okawaru
 20559 | Lair:8   | Got a warped broad axe {god gift}
 21330 | Lair:8   | Got a coiled lapis lazuli ring
 21346 | Lair:8   | Identified the ring "Tuclemif" {Fragile rPois rF+ Str+6} (You found it on level 8 of the Lair of Beasts)
 21958 | D:13     | Received a gift from Okawaru
 21963 | D:13     | Got a polished crystal plate armour {god gift}
 21978 | D:13     | Identified the +3 crystal plate armour of Gemyanal {*Confuse rF+ Stlth+} (Okawaru gifted it to you on level 13 of the Dungeon)
 21995 | D:13     | Found Bixzuobu's Antique Weapon Shop.
 22011 | D:13     | Reached skill level 17 in Long Blades
 22318 | D:13     | Reached skill level 10 in Shields
 22465 | D:13     | Reached skill level 15 in Fighting
 22729 | D:13     | Found a gate to the Vaults.
 22739 | D:13     | Received a gift from Okawaru
 23067 | D:14     | Found Oginacox's Magic Scroll Emporium.
 23224 | D:14     | Noticed Kirke
 23239 | D:14     | Killed Kirke
 23239 | D:14     | Reached XP level 15. HP: 141/141 MP: 14/14
 23266 | D:14     | Found a sacrificial altar of Ru.
 23370 | D:14     | Found Wuukhuej's Gadget Boutique.
 24100 | D:15     | Entered Level 15 of the Dungeon
 24106 | D:15     | Noticed a fire giant
 24114 | D:15     | Found a staircase to the Depths.
 24273 | D:15     | Killed a fire giant
 24282 | D:15     | Got a blackened chain mail
 24293 | D:15     | Identified the +7 chain mail of the Harp {rF+} (You found it on level 15 of the Dungeon)
 24479 | D:15     | Found a glowing golden altar of the Shining One.
 24537 | D:15     | Reached skill level 18 in Long Blades
 25176 | D:15     | Reached skill level 10 in Dodging
 25309 | D:15     | Received a gift from Okawaru
 25691 | Orc:1    | Entered Level 1 of the Orcish Mines
 25901 | Orc:2    | Entered Level 2 of the Orcish Mines
 25901 | Orc:2    | Found a staircase to the Elven Halls.
 26101 | Orc:2    | Noticed Rupert
 26119 | Orc:2    | Killed Rupert
 26119 | Orc:2    | Reached skill level 15 in Armour
 27679 | Orc:2    | Found Qeotanol's Antique Armour Shop.
 27690 | Orc:2    | Found Taqucvio's Antique Weapon Shop.
 27696 | Orc:2    | Found Ungomoic's Weapon Boutique.
 27697 | Orc:2    | Found Icutocw's Antique Armour Shop.
 27704 | Orc:2    | Bought a distressingly furry cloak for 294 gold pieces
 27704 | Orc:2    | Bought a jewelled plate armour for 868 gold pieces
 27715 | Orc:2    | Identified the cursed +0 cloak of Masos {rF+} (You bought it in a shop on level 2 of the Orcish Mines)
 27728 | Orc:2    | Identified the +9 plate armour "Qumuegho" {-Cast +Inv rElec Str+8} (You bought it in a shop on level 2 of the Orcish Mines)
 27731 | Orc:2    | Bought a glowing large shield for 139 gold pieces
 27731 | Orc:2    | Bought a pair of runed boots for 139 gold pieces
 28168 | Snake:1  | Entered Level 1 of the Snake Pit
 28286 | Snake:1  | You are sucked into a shaft!
 28357 | Snake:2  | Received a gift from Okawaru
 28377 | Snake:2  | Identified a +2 pair of boots of running (Okawaru gifted it to you on level 2 of the Snake Pit)
 28856 | Snake:2  | Reached skill level 19 in Long Blades
 29166 | Snake:3  | Reached XP level 16. HP: 135/151 MP: 15/15
 29723 | Snake:3  | Received a gift from Okawaru
 29916 | Snake:4  | Entered Level 4 of the Snake Pit
 30202 | Snake:4  | Received a gift from Okawaru
 31015 | Snake:4  | Received a gift from Okawaru
 31022 | Snake:4  | Got an ancient morningstar {god gift}
 31102 | Snake:4  | Reached skill level 15 in Shields
 31340 | Snake:4  | Reached skill level 20 in Long Blades
 31386 | Snake:4  | Reached XP level 17. HP: 71/160 MP: 16/16
 31682 | Snake:4  | Received a gift from Okawaru
 31824 | Snake:4  | Got a serpentine rune of Zot
 32007 | Snake:4  | Upgraded the game from 0.18.1-5-g4a78601 to 0.18.1-6-gd335043
 32717 | Lair:3   | Identified the +9 morningstar of Sonurek {distort, rF- MR+ Str+4} (Okawaru gifted it to you on level 4 of the Snake Pit)
 32985 | Swamp:1  | Entered Level 1 of the Swamp
 33332 | Swamp:1  | Noticed Roxanne
 33345 | Swamp:1  | Killed Roxanne
 33353 | Swamp:1  | Identified Roxanne's Collected Works on Changing (You took it off Roxanne on level 1 of the Swamp)
 33511 | Swamp:1  | Noticed Louise
 33742 | Swamp:1  | Cast into level 2 of the Abyss (Louise)
 33865 | Abyss:3  | Received a gift from Okawaru
 33878 | Abyss:3  | Got a pair of ancient boots {god gift}
 33969 | Abyss:3  | Got an ichor-stained battleaxe
 34205 | Swamp:1  | Escaped the Abyss
 34215 | Swamp:1  | Killed Louise
 34475 | Swamp:1  | Identified the +2 pair of boots of Eluaves {+Blink Str+4} (Okawaru gifted it to you on level 3 of the Abyss)
 34767 | Swamp:2  | Noticed Donald
 34788 | Swamp:2  | Killed Donald
 35388 | Swamp:3  | Reached skill level 1 in Invocations
 35525 | Swamp:3  | Reached XP level 18. HP: 159/171 MP: 18/18
 35532 | Swamp:3  | Got a pair of slimy boots
 35543 | Swamp:3  | Identified the +2 pair of boots "Avoroopt" {rPois} (You found it on level 3 of the Swamp)
 35974 | Swamp:4  | Entered Level 4 of the Swamp
 36116 | Swamp:4  | Received a gift from Okawaru
 36116 | Swamp:4  | Reached skill level 21 in Long Blades
 36396 | Swamp:4  | Noticed a bone dragon
 36407 | Swamp:4  | HP: 8/169 [five-headed hydra zombie (1)]
 36407 | Swamp:4  | Mangled by a bone dragon

Skill      XL: |  1  2  3  4  5  6  7  8  9 10 11 12 13 14 15 16 17 18 |
---------------+-------------------------------------------------------+-----
Fighting       | 4 5 6 7 9 10 12 13 15 16 17 | 17.8
Armour         | 4 5 6 8 9 10 12 13 14 15 16 | 16.1
Shields        | 4 5 6 7 9 10 13 15 17 | 17.6
Dodging        | 1 2 3 4 5 6 7 9 10 | 10.6
Long Blades    | 3 4 5 6 8 11 12 14 15 17 19 20 21 | 21.0
Stealth        | 1 2 3 |  3.2
Short Blades   | 1 2 |  2.7
Evocations     | 1 |  1.4
Invocations    | 1 |  1.0

Action                   |  1- 3 |  4- 6 |  7- 9 | 10-12 | 13-15 | 16-18 || total
-------------------------+-------+-------+-------+-------+-------+-------++-------
Melee: Long sword        |    58 |   167 |   293 |   504 |       |       ||  1022
       Headbutt          |     5 |    35 |    77 |   239 |   410 |   377 ||  1143
       Great sword       |       |       |    51 |   105 |       |       ||   156
       Rapier            |       |       |       |    44 |    41 |       ||    85
       Falchion          |       |       |       |   180 |    26 |       ||   206
       Double sword      |       |       |       |       |  1271 |  1010 ||  2281
       Scimitar          |       |       |       |       |       |    26 ||    26
Invok: Heroism           |       |       |       |     3 |     2 |     5 ||    10
 Abil: Evoke Flight      |       |       |       |     2 |     1 |     1 ||     4
Evoke: Wand              |       |       |       |     8 |     2 |     3 ||    13
  Use: Potion            |       |       |     1 |     3 |       |     5 ||     9
       Scroll            |       |       |     7 |    22 |    10 |     9 ||    48
 Stab: Distracted        |       |       |       |       |       |     2 ||     2
       Invisible         |       |       |       |       |       |     9 ||     9
  Eat: Chunk             |       |     7 |    10 |    26 |    40 |     8 ||    91
       Royal jelly       |       |       |       |     1 |       |       ||     1
       Pizza             |       |       |       |     1 |     1 |     4 ||     6
       Beef jerky        |       |       |       |       |     3 |       ||     3
       Fruit             |       |       |       |       |     2 |    12 ||    14
Armor: Scale mail        |    17 |    64 |       |       |       |       ||    81
       Plate armour      |       |       |   169 |   116 |    21 |   402 ||   708
       Chain mail        |       |       |       |   251 |   483 |       ||   734
       Crystal plate arm |       |       |       |       |   110 |       ||   110
Dodge: Dodged            |    15 |    60 |    91 |   677 |  1054 |   398 ||  2295
Block: Shield            |    33 |    81 |   149 |       |   366 |       ||   629
       Buckler           |       |       |     7 |       |       |       ||     7
       Large shield      |       |       |       |       |   126 |  1424 ||  1550
